 Dungeon Crawl Stone Soup version 0.31-a0-370-g25055926c8 (webtiles) character file.

Game seed: 13266052660162478183

126 MacCMillion the Ruffian (level 5, 0/41 HPs)
             Began as a Merfolk Shapeshifter on July 28, 2023.
             Succumbed to an adder's poison
             ... on level 3 of the Dungeon.
             The game lasted 00:03:25 (2264 turns).

MacCMillion the Ruffian (Merfolk Shapeshifter)      Turns: 2264, Time: 00:03:26

Health: 0/41       AC:  2    Str: 17    XL:     5   Next: 9%
Magic:  5/5        EV: 12    Int:  8    God:
Gold:   116        SH:  4    Dex: 14    Spells: 4/4 levels left

rFire   . .          .
                       - Unarmed
rCold   . . .        d - +0 buckler
rNeg    . . .        a - +0 animal skin
rPois   .            (helmet currently unavailable)
rElec   .            (cloak currently unavailable)
rCorr   .            (gloves currently unavailable)
SInv    .            (boots currently unavailable)
Will    +....        (no amulet)
Stlth   +            (no ring)
HPRegen 0.26/turn    (no ring)
MPRegen 0.09/turn

%: no passive effects
@: brilliant, lethally poisoned (0 -> -3), beast-form, enlightened, flying
A: beast (slay +2), (nimble swimmer 2), mertail
a: Begin Untransformation


You were on level 3 of the Dungeon.
You were a hulking beast.
You visited 1 branch of the dungeon, and saw 3 of its levels.

You collected 116 gold pieces.

Inventory:

Missiles
 i - 2 throwing nets
Armour
 a - a +0 animal skin (worn)
 b - the +2 cloak of Defence {rPois rC++ Int+3 Dex+3}
   (You found it on level 3 of the Dungeon)

   Int:       It affects your intelligence (+3).
   Dex:       It affects your dexterity (+3).
   rC:        It greatly protects you from cold.
   rPois:     It protects you from poison.
 d - a +0 buckler (worn)
Talismans
 c - a beast talisman
Scrolls
 e - 3 scrolls of teleportation {unknown}
 g - a scroll of summoning {unknown}
 h - 4 scrolls of identify {unknown}
 k - a scroll of fear {unknown}


   Skills:
 + Level 3.0 Fighting
 - Level 2.6 Dodging
 * Level 5.4 Unarmed Combat
 - Level 4.0 Shapeshifting


You had 4 spell levels left.
You didn't know any spells.
Your spell library contained the following spells:

 Spells                   Type           Power      Damage    Failure   Level
 Summon Ice Beast         Ice/Summ       0%         N/A       99%         4
 Summon Mana Viper        Hex/Summ       0%         N/A       100%        5
 Monstrous Menagerie      Summ           0%         N/A       100%        7


Dungeon Overview and Level Annotations

Branches:
Dungeon (3/15)

Altars:

Shops:
D:3 (


Innate Abilities, Weirdness & Mutations

You are a hulking beast.
Your limbs bulge with bestial killing power. (Slay +2)
((You are very nimble when in or above water. (Stealth+, EV+, Speed+++)))
Your lower body shifts to a powerful aquatic tail in water.


Message History

You are more poisoned.
The adder poisons you! The adder bites you.
You are lethally poisoned!
The adder poisons you!
It was a potion of enlightenment.
You feel very buoyant.
You fly up into the air.
* * * LOW HITPOINT WARNING * * *
You feel very sick. The adder closely misses you.
Unknown command.
You hit the adder.
The adder is severely wounded.
* * * LOW HITPOINT WARNING * * *
You feel sick. The adder closely misses you.
You closely miss the adder.
The adder is severely wounded.
* * * LOW HITPOINT WARNING * * *
You feel very sick. The adder misses you.
Unknown command.
You miss the adder.
The adder is severely wounded.
* * * LOW HITPOINT WARNING * * *
You feel sick. You block the adder's attack. The adder bites you.
* * * LOW HITPOINT WARNING * * *
Unknown command.
You punch the adder!
You kill the adder!
* * * LOW HITPOINT WARNING * * *
You feel sick.
There is a lethal amount of poison in your body!
Unknown command.
You punch the frilled lizard!
You kill the frilled lizard!
* * * LOW HITPOINT WARNING * * *
You feel sick.
Unknown command.
You aren't carrying any potions.
You die...

.........# #..
.........###### ##.
..............#########
........[####.......... #
.◎.........############
###..........#.............
#............#######.......
......########## #...###.
#≈≈≈.†.h....#####.......
#~o≈≈≈######.............
....oo≈≈# #######.###.##
###~~≈≈≈# ##.# #.## ##≈≈≈##
######..# #.## ...hh
........# #.## ......
######..###.## ......
##........# #..#.###...


You could see 3 orcs.

Vanquished Creatures
  An iguana (D:3)
  4 adders
  A worm (D:3)
  A dart slug (D:1)
  An endoplasm (D:1)
  3 giant cockroaches (D:1)
  8 goblins
  5 hobgoblins
  2 jackals (D:3)
  5 quokkas
  7 ball pythons
  7 bats
  3 frilled lizards
  6 kobolds
  3 rats
57 creatures vanquished.

Notes
Turn   | Place    | Note
-------+----------+-------------------------------------------
     0 | D:1      | MacCMillion the Merfolk Shapeshifter began the quest for
                  | the Orb.
     0 | D:1      | Reached XP level 1. HP: 15/15 MP: 1/1
   155 | D:1      | Reached XP level 2. HP: 20/21 MP: 2/2
   293 | D:1      | Reached skill level 4 in Unarmed Combat
   338 | D:1      | Reached XP level 3. HP: 23/27 MP: 3/3
  1388 | D:2      | Reached XP level 4. HP: 30/34 MP: 4/4
  1917 | D:3      | Identified the +2 cloak of Defence {rPois rC++ Int+3 Dex+3}
  1922 | D:3      | Reached skill level 5 in Unarmed Combat
  2213 | D:3      | Reached XP level 5. HP: 40/40 MP: 5/5
  2235 | D:3      | Found Qohoessesa's Weapon Shop.
  2262 | D:3      | HP: 1/41 [poisoned by an adder]
  2264 | D:3      | Succumbed to an adder's poison

Illustrated notes

Levels and vault maps discovered:
D:1:      minmay_arrival_diagonal_passages, layout_loops_ring
D:2:      layout_basic
D:3:      layout_rooms, serial_shops, nicolae_shop_waterfront

Skill      XL: |  1  2  3  4  5 |
---------------+----------------+-----
Unarmed Combat | 4 5 |  5.4
Fighting       | 2 3 |  3.0
Dodging        | |  2.6
Shapeshifting  | |  4.0

Action                     |  1- 3 |  4- 6 || total
---------------------------+-------+-------++-------
  Melee: Unarmed           |    85 |    55 ||   140
    Use: Potion            |       |     3 ||     3
   Stab: Sleeping          |     3 |     1 ||     4
 Armour: Animal skin       |    15 |    12 ||    27
         Skin              |       |     1 ||     1
  Dodge: Dodged            |    41 |    27 ||    68
  Block: Buckler           |    12 |    14 ||    26

Table legend: (Time is in decaauts)
 A = Elapsed time spent in this place.
 B = Non-inter-level travel time spent in this place.
 C = Inter-level travel time spent in this place.
 D = Time resting spent in this place.
 E = Time spent auto-exploring this place.
 F = Levels seen in this place.
 G = Mean time per level.
                   A        B        C        D        E       F      G
               +--------+--------+--------+--------+--------+-----+--------+
         Total |   2258 |   2185 |     73 |    490 |   1323 |   3 |  752.7 |
       Dungeon |   2258 |   2185 |     73 |    490 |   1323 |   3 |  752.7 |
               +--------+--------+--------+--------+--------+-----+--------+

Top non-repeatable levels by time:
     D:2: 1088 daAuts
     D:1: 812 daAuts
     D:3: 357 daAuts
